 Dungeon Crawl Stone Soup version 0.24-a0-312-g16217b4 (webtiles) character file.

Game seed: 406436869703707083

2398 mhoghedin the Firebug (level 9, -8/64 HPs)
             Began as a Demigod Fire Elementalist on May 15, 2019.
             Killed by divine providence
             ... invoked by an orc priest
              (12 damage)
             ... on level 7 of the Dungeon.
             The game lasted 00:19:51 (8086 turns).

mhoghedin the Firebug (Demigod Fire Elementalist)   Turns: 8086, Time: 00:19:52

Health: -8/64      AC:  5    Str: 11    XL:     9   Next: 3%
Magic:  13/16      EV: 12    Int: 25    God:
Gold:   965        SH:  0    Dex: 18    Spells: 4/14 levels left

rFire    + . .     SeeInvis .   b - +0 whip (elec)
rCold    . . .     Gourm    .   (no shield)
rNeg     . . .     Faith    .   p - +0 leather armour {rF+}
rPois    +         Spirit   .   t - +1 hat
rElec    .         Reflect  .   o - +0 cloak
rCorr    .         Harm     .   (no gloves)
MR       .....                  (no boots)
Stlth    ++........             (no amulet)
HPRegen  0.20/turn              n - +4 ring of slaying
MPRegen  0.15/turn              l - ring of poison resistance {rPois, !d}

@: no status effects
A: horns 1, agile 1, high mp 1
a: no special abilities


You were on level 7 of the Dungeon.
You were not hungry.

You visited 1 branch of the dungeon, and saw 7 of its levels.
You also visited: Ossuary.

You collected 965 gold pieces.

Inventory:

Hand Weapons
 b - a +0 whip of electrocution (weapon)
   (You found it on level 3 of the Dungeon)
Armour
 o - a +0 cloak (worn)
   (You found it on level 4 of the Dungeon)
 p - a +0 leather armour of fire resistance (worn)
   (You found it on level 5 of the Dungeon)
 t - a +1 hat (worn)
   (You found it on level 7 of the Dungeon)
Magical Staves
 a - an uncursed staff of fire {rF+}
   (You acquired it on level 6 of the Dungeon)
 g - an uncursed staff of air {rElec}
   (You found it on level 4 of the Dungeon)
Jewellery
 j - an uncursed ring of ice {rC+, rF-}
   (You found it on level 1 of the Dungeon)
 l - a ring of poison resistance (right hand) {rPois, !d}
   (You found it on level 4 of the Dungeon)
 n - a +4 ring of slaying (left hand)
   (You found it on level 1 of the Dungeon)
 q - a +5 ring of strength
   (You found it on level 3 of the Dungeon)
 z - an uncursed ring of protection from cold {rC+, !d}
   (You found it on level 7 of the Dungeon)
Wands
 v - a wand of random effects (3)
   (You found it on level 3 of the Dungeon)
 y - a wand of flame (19)
   (You found it on level 6 of the Dungeon)
Scrolls
 e - a scroll of enchant armour
 h - 6 scrolls of remove curse
 i - 5 scrolls of teleportation
 k - a scroll of silence
 m - 2 scrolls of immolation {!r}
 s - a scroll of amnesia
 u - a scroll of enchant weapon
 w - a scroll of blinking {!r}
Potions
 d - a potion of agility
 f - a potion of magic
 r - a potion of mutation {!q}
 x - a potion of ambrosia
Comestibles
 c - 7 rations
 A - 6 chunks of flesh {@w0}


   Skills:
 - Level 1.1 Fighting
 + Level 1.3(2.3) Maces & Flails
 - Level 2.8(3.0) Staves
 - Level 1.7 Dodging
 - Level 1.7 Stealth
 - Level 3.0 Spellcasting
 - Level 6.9 Conjurations
 - Level 7.5 Fire Magic
 - Level 2.8 Evocations


You had 4 spell levels left.
You knew the following spells:

 Your Spells              Type           Power        Failure   Level  Hunger
a - Flame Tongue          Conj/Fire      #####        1%          1    None
c - Conjure Flame         Conj/Fire      #####...     1%          3    ###....
s - Sticky Flame          Conj/Fire      #####...     7%          4    ####...
x - Throw Flame           Conj/Fire      #####.       1%          2    ##.....

Your spell library contained the following spells:

 Spells                   Type           Power        Failure   Level  Hunger
 Inner Flame              Hex/Fire       ###.....     9%          3    ###....
 Fireball                 Conj/Fire      #####.....   19%         5    ######.


Dungeon Overview and Level Annotations

Branches:
Dungeon (7/15)             Temple (0/1) D:6

Shops:
D:5 [

Annotations:
D:7 Joseph


Innate Abilities, Weirdness & Mutations

You have an increased reservoir of magic. (+10% MP)
You have a pair of small horns on your head.
You are agile. (Dex +2)


Message History

z - a ring of protection from cold (right hand) You're wearing all the rings you can.
Remove which one? (? for menu, Esc to quit)
You remove your ring of protection from cold {rC+, !d}.
l - a ring of poison resistance (right hand) {rPois, !d} Unknown command.
You are no longer corroded.
You see here an adder corpse.
You butcher the adder corpse.
A - a chunk of flesh {@w0} You see here an adder skeleton.
You start resting.
Health restored: 64 A gnoll comes into view.
It is wielding a +0 flail.
A gnoll is nearby!
A gnoll comes into view. It is wielding a +0 flail.
A gnoll comes into view. It is wielding a +0 spear.
The gnoll shouts!
Found a radiant altar of Vehumet.
What are your orders? t - Shout!
Orders for allies: a - Attack new target. r - Retreat! s - Stop attacking. g - Guard the area. f - Follow me.
Anything else - Cancel.
You shout for attention!
You hear a shout! x2
You hear an angry buzzing noise.
The gnoll hits you with a +0 flail!
You take 9 damage, and have 55/64 hp.
You hit the gnoll. The gnoll hits you but does no damage.
You hit the gnoll. Lightning courses through the gnoll!
You kill the gnoll!
The gnoll completely misses you. The gnoll closely misses you.
Things that are here:
a +0 flail; a gnoll corpse You hit the gnoll but do no damage.
The gnoll hits you with a +0 spear!
You take 8 damage, and have 48/64 hp.
Unknown command.
You closely miss the gnoll. You headbutt the gnoll.
The gnoll barely misses you.
You hit the gnoll. Your headbutt misses the gnoll. The gnoll barely misses you.
You hit the gnoll. Your headbutt misses the gnoll. The gnoll barely misses you.
You barely miss the gnoll. The gnoll closely misses you.
You hit the gnoll. Lightning courses through the gnoll!!
You kill the gnoll!
You hit the gnoll. You headbutt the gnoll! The gnoll hits you with a +0 flail!
You take 7 damage, and have 42/64 hp.
You closely miss the gnoll. You hit the gnoll.
You kill the gnoll!
Items here: )) †† a +0 flail; a +0 spear; a gnoll corpse x2
You butcher the gnoll corpse.
A - 4 chunks of flesh {@w0} (gained 3)
Items here: )) ÷ † a +0 flail; a +0 spear; a gnoll skeleton; a gnoll corpse
Things that are here:
a +0 flail; a gnoll corpse You butcher the gnoll corpse.
A - 6 chunks of flesh {@w0} (gained 2)
Things that are here:
a +0 flail; a gnoll skeleton An orc comes into view.
There isn't anything to butcher here.
An orc is nearby!
The orc shouts!
You hear a shout! x2
Items here: )) ÷ † a +0 flail; a +0 spear; a gnoll skeleton; a gnoll corpse An orc priest comes into view.
It is wielding a +0 flail.
You barely miss the orc. Your headbutt misses the orc.
The orc closely misses you.
An orc comes into view.
The orc shouts!
You hit the orc. You headbutt the orc.
You kill the orc!
Something shouts, "Begone, thou rough-hewn toot-wallowing urchin!"
The orc priest begins to cast a cantrip, but forgets the words!
A leopard gecko comes into view.
The orc priest calls down the wrath of Beogh upon you.
Beogh smites you!
You hear an angry hiss.
You take 12 damage, and have 33/64 hp.
The orc priest invokes the aid of Beogh against you.
Beogh smites you!
Items here: )) ÷ † a +0 flail; a +0 spear; a gnoll skeleton; a gnoll corpse You take 11 damage, and have 22/64 hp.
Things that are here:
a +0 flail; a gnoll skeleton The fire ignites!
The orc warrior hits you from afar with a +1 halberd of freezing!
* * * LOW HITPOINT WARNING * * *
The orc warrior freezes you.
* * * LOW HITPOINT WARNING * * *
You take 19 damage, and have 4/64 hp.
MASSIVE DAMAGE!!
You now have 13/16 mp.
The orc priest calls down the wrath of Beogh upon you.
Beogh smites you!
You die...

#)# #o# #o# #§#
######.#
##......#
##.......#
#........#
#.....@..#
#...÷....#####
#..............
#...........<..
#..............
##....<........
##.....#.....#
########.####
.#


You could see an orc warrior and an orc priest.

Vanquished Creatures
  Pikel (D:5)
  Sigmund (D:6)
  Edmund (D:5)
  Duvessa (D:4)
  A slave (D:5)
  2 ice beasts
  A phantom (D:6)
  A centaur (D:5)
  Blork the orc (D:5)
  An elf zombie (Ossuary)
  Dowan (D:4)
  2 scorpions
  5 crimson imps
  2 hounds (D:5)
  A human zombie (Ossuary)
  A jelly (D:7)
  A centaur skeleton (D:4)
  An orc priest (D:7)
  2 bullfrog skeletons
  2 orc wizards (D:5)
  Natasha (twice) (D:2)
  3 worker ants
  2 big kobold zombies (Ossuary)
  2 mummies (Ossuary)
  Robin (D:3)
  3 gnolls (D:7)
  A howler monkey skeleton (D:5)
  8 adders
  A shadow imp (D:5)
  2 oozes (D:2)
  6 worms
  5 leopard geckos
  26 orcs
  4 giant cockroaches (D:5)
  A gnoll zombie (Ossuary)
  16 goblins
  9 hobgoblins
  5 jackals
  11 kobolds
  4 quokkas
  7 bats
  6 frilled lizards
  4 goblin zombies (Ossuary)
  2 hobgoblin zombies (Ossuary)
  A jackal zombie (D:5)
  3 orc zombies (Ossuary)
  32 rats
196 creatures vanquished.

Notes
Turn   | Place    | Note
-------+----------+-------------------------------------------
     0 | D:1      | mhoghedin the Demigod Fire Elementalist began the quest for
                  | the Orb.
     0 | D:1      | Reached XP level 1. HP: 14/14 MP: 5/5
    66 | D:1      | Reached skill level 1 in Conjurations
   154 | D:1      | Reached skill level 2 in Spellcasting
   236 | D:1      | Reached XP level 2. HP: 14/20 MP: 4/7
   249 | D:1      | Reached skill level 3 in Fire Magic
  1021 | D:2      | Learned a level 2 spell: Throw Flame
  1145 | D:2      | Reached XP level 3. HP: 17/26 MP: 7/9
  1261 | D:2      | Learned a level 3 spell: Conjure Flame
  1567 | D:2      | Noticed Natasha
  1578 | D:2      | Killed Natasha
  1578 | D:2      | Reached skill level 2 in Conjurations
  1810 | D:2      | Found a snail-covered altar of Cheibriados.
  1825 | D:2      | Reached XP level 4. HP: 33/33 MP: 3/10
  2120 | D:2      | Noticed Natasha
  2123 | D:2      | Killed Natasha
  2577 | D:3      | Found a basalt altar of Yredelemnul.
  2667 | D:3      | Reached skill level 3 in Spellcasting
  2733 | D:3      | Reached XP level 5. HP: 24/38 MP: 12/12
  2822 | D:3      | Noticed Robin
  2875 | D:3      | HP: 8/39 [Robin/+0 spear (2)]
  3127 | D:3      | Killed Robin
  3127 | D:3      | Reached skill level 1 in Fighting
  3127 | D:3      | Reached skill level 1 in Maces & Flails
  3350 | D:3      | Learned a level 4 spell: Sticky Flame
  3563 | D:4      | Reached skill level 4 in Fire Magic
  3669 | D:4      | Noticed an ice beast
  3681 | D:4      | Reached skill level 3 in Conjurations
  3688 | D:4      | Killed an ice beast
  3688 | D:4      | Reached XP level 6. HP: 17/47 MP: 5/13
  3943 | D:4      | Found an iron altar of Okawaru.
  4053 | D:4      | Noticed Duvessa
  4058 | D:4      | Noticed Dowan
  4085 | D:4      | Gained mutation: You are agile. (Dex +2) [potion of
                  | mutation]
  4085 | D:4      | Gained mutation: You have a pair of small horns on your
                  | head. [potion of mutation]
  4086 | D:4      | HP: 11/47 [Duvessa/+0 short sword (10)]
  4088 | D:4      | Killed Duvessa
  4095 | D:4      | Killed Dowan
  4095 | D:4      | Reached skill level 4 in Conjurations
  4095 | D:4      | Reached skill level 5 in Fire Magic
  4666 | D:4      | Reached XP level 7. HP: 49/52 MP: 14/14
  4746 | D:5      | Entered Level 5 of the Dungeon
  4759 | D:5      | Noticed Blork the orc
  4777 | D:5      | Killed Blork the orc
  4840 | D:5      | Found Nanuz's Armour Shoppe.
  4840 | D:5      | Noticed Pikel
  5072 | D:5      | Found a glowing silver altar of Zin.
  5149 | D:5      | Reached skill level 5 in Conjurations
  5217 | D:5      | Reached skill level 6 in Fire Magic
  5561 | D:5      | HP: 13/52 [bullfrog skeleton (5)]
  5829 | D:5      | Reached XP level 8. HP: 59/59 MP: 15/15
  5999 | D:5      | Noticed Edmund
  6007 | D:5      | Killed Edmund
  6007 | D:5      | Reached skill level 6 in Conjurations
  6121 | D:5      | Killed Pikel
  6121 | D:5      | Reached skill level 7 in Fire Magic
  6347 | D:5      | Found a sacrificial altar of Ru.
  6462 | D:6      | Identified a scroll of acquirement
  6502 | D:6      | Noticed Sigmund
  6506 | D:6      | Killed Sigmund
  6506 | D:6      | Reached skill level 1 in Staves
  6506 | D:6      | Reached skill level 1 in Evocations
  6614 | D:6      | Found a stormy altar of Qazlal.
  6693 | D:6      | Found a sand-covered staircase.
  6743 | Ossuary  | Entered an ossuary
  6880 | Ossuary  | Reached skill level 2 in Staves
  6880 | Ossuary  | Reached skill level 2 in Evocations
  7291 | D:6      | Found a staircase to the Ecumenical Temple.
  7637 | D:7      | Noticed Joseph
  7655 | D:7      | HP: 13/59 [orc warrior/+1 halberd of freezing (23)]
  7661 | D:6      | HP: 9/59 [crimson imp (1)]
  7957 | D:7      | Reached XP level 9. HP: 64/64 MP: 16/16
  8043 | D:7      | Found a radiant altar of Vehumet.
  8082 | D:7      | HP: 9/64 [orc warrior/+1 halberd of freezing (15)]
  8082 | D:7      | HP: 4/64 [orc warrior/+1 halberd of freezing (5)]
  8086 | D:7      | Killed from afar by an orc priest

Levels and vault maps discovered:
D:1:      sevenhm_arrival_forest_fort_small_6, layout_rooms,
          minmay_stone_trees_small, minivault_5
D:2:      layout_basic, lemuel_doored_altar, serial_forest,
          infiniplex_forest_diagonal, infiniplex_forest_lined_3_way,
          infiniplex_forest_fountain, infiniplex_forest_corner_2,
          infiniplex_forest_lined_3, infiniplex_forest_clump_medium,
          minmay_rat_hole, uniq_natasha
D:3:      layout_rooms, yredelemnul_altar_generic, portal_sewer_entry_b,
          minmay_puff, uniq_robin
D:4:      layout_basic, kennysheep_little_box, uniq_duvessa
D:5:      minmay_polygon_palace, layout_loops_ring, kennysheep_mini,
          zin_academy, serial_shops, nicolae_shop_window_shopping, first_ration,
          uniq_blork_the_orc, uniq_edmund, uniq_pikel
D:6:      layout_basic, nicolae_qazlal_general_emergency,
          minmay_temple_entry_statues, nicolae_ossuary_entry_plus, uniq_sigmund
D:7:      layout_rooms, overflow_temple_1_default, overflow_temple_1_default,
          dancing_weapons_uskayaw, serial_rivers,
          chequers_serial_rivers_micro_e, chequers_serial_rivers_micro_c,
          chequers_serial_rivers_room_a, chequers_serial_rivers_micro_b,
          chequers_serial_rivers_large_a, grunt_livestock,
          uniq_crazy_yiuf_cottage, uniq_joseph

Skill      XL: |  1  2  3  4  5  6  7  8 |
---------------+-------------------------+-----
Conjurations   | 1 2 3 4 5 6 |  6.9
Spellcasting   | 2 3 |  3.0
Fire Magic     | 3 4 5 6 7 |  7.5
Fighting       | 1 |  1.1
Maces & Flails | 1 |  1.3
Staves         | 2 |  2.8
Evocations     | 2 |  2.8
Dodging        | |  1.7
Stealth        | |  1.7

Action                   |  1- 3 |  4- 6 |  7- 9 || total
-------------------------+-------+-------+-------++-------
Melee: Club              |    37 |       |       ||    37
       Dagger            |     2 |     4 |       ||     6
       Whip              |       |   132 |   172 ||   304
       Headbutt          |       |     2 |    42 ||    44
       Staff             |       |       |    12 ||    12
 Cast: Flame Tongue      |    68 |    21 |       ||    89
       Throw Flame       |     3 |    19 |    13 ||    35
       Conjure Flame     |       |     1 |     6 ||     7
       Sticky Flame      |       |     3 |    10 ||    13
Evoke: Wand              |       |     1 |       ||     1
  Use: Scroll            |     8 |     3 |     7 ||    18
       Potion            |     1 |     7 |       ||     8
 Stab: Sleeping          |     1 |     3 |     1 ||     5
  Eat: Chunk             |     3 |     7 |     6 ||    16
       Ration            |       |     1 |     3 ||     4
Armor: Robe              |    11 |    31 |     6 ||    48
       Skin              |       |    39 |       ||    39
       Leather armour    |       |       |    34 ||    34
Dodge: Dodged            |    43 |   104 |    93 ||   240

Table legend:
 A = Non-vault XP
 B = Vault XP
 C = Vault XP percentage of total XP
 D = Non-vault monster count
 E = Vault monster count
 F = Vault count percentage of total count
                 A         B        C        D         E       F
            +---------+---------+-------+---------+---------+-------
      Total |    1503 |    1924 |  56.1 |     123 |      72 |  36.9
            +---------+---------+-------+---------+---------+-------
        D:1 |      32 |       0 |   0.0 |      23 |       0 |   0.0
        D:2 |     101 |      57 |  36.1 |      22 |      21 |  48.8
        D:3 |      71 |      39 |  35.5 |      25 |      14 |  35.9
        D:4 |     403 |     228 |  36.1 |      21 |       2 |   8.7
        D:5 |     472 |    1138 |  70.7 |      20 |      18 |  47.4
        D:6 |     280 |     223 |  44.3 |       4 |       1 |  20.0
        D:7 |     144 |       0 |   0.0 |       8 |       0 |   0.0
    Ossuary |       0 |     239 | 100.0 |       0 |      16 | 100.0
            +---------+---------+-------+---------+---------+-------

Levels and vault maps discovered:
D:1:      sevenhm_arrival_forest_fort_small_6, layout_rooms,
          minmay_stone_trees_small, minivault_5
D:2:      layout_basic, lemuel_doored_altar, serial_forest,
          infiniplex_forest_diagonal, infiniplex_forest_lined_3_way,
          infiniplex_forest_fountain, infiniplex_forest_corner_2,
          infiniplex_forest_lined_3, infiniplex_forest_clump_medium,
          minmay_rat_hole, uniq_natasha
D:3:      layout_rooms, yredelemnul_altar_generic, portal_sewer_entry_b,
          minmay_puff, uniq_robin
D:4:      layout_basic, kennysheep_little_box, uniq_duvessa
D:5:      minmay_polygon_palace, layout_loops_ring, kennysheep_mini,
          zin_academy, serial_shops, nicolae_shop_window_shopping, first_ration,
          uniq_blork_the_orc, uniq_edmund, uniq_pikel
D:6:      layout_basic, nicolae_qazlal_general_emergency,
          minmay_temple_entry_statues, nicolae_ossuary_entry_plus, uniq_sigmund
D:7:      layout_rooms, overflow_temple_1_default, overflow_temple_1_default,
          dancing_weapons_uskayaw, serial_rivers,
          chequers_serial_rivers_micro_e, chequers_serial_rivers_micro_c,
          chequers_serial_rivers_room_a, chequers_serial_rivers_micro_b,
          chequers_serial_rivers_large_a, grunt_livestock,
          uniq_crazy_yiuf_cottage, uniq_joseph

Table legend:
 A = Turns spent in this place as a percentage of turns spent in the entire game.
 B = Non-inter-level travel turns spent in this place as a percentage of non-inter-level travel turns spent in the entire game.
 C = Inter-level travel turns spent in this place as a percentage of turns spent in this place.
 D = Turns resting spent in this place as a percentage of non-inter-level travel turns spent in this place.
 E = Turns spent auto-exploring this place as a percentage of non-inter-level travel turns spent in this place.
 F = Non-inter-level travel turns spent in this place divided by the number of levels of this place that you've seen.
                   A       B       C       D       E      F
               +-------+-------+-------+-------+-------+----------------------
         Total | 100.0 | 100.0 |   2.8 |  32.8 |  45.9 | 982.8
       Dungeon |  95.1 |  95.0 |   2.9 |  31.7 |  47.5 | 1067.0
       Ossuary |   4.9 |   5.0 |   0.0 |  54.2 |  15.8 | 393.0
               +-------+-------+-------+-------+-------+----------------------

Table legend:
 A = Kills in this place as a percentage of kills in entire the game.
 B = Kills by you in this place as a percentage of kills by you in the entire game.
 C = Kills by friends in this place as a percentage of kills by friends in the entire game.
 D = Other kills in this place as a percentage of other kills in the entire game.
 E = Experience gained in this place as a percentage of experience gained in the entire game.
 F = Experience gained in this place divided by the number of levels of this place that you have seen.
                   A       B       C       D       E      F
               +-------+-------+-------+-------+-------+----------------------
         Total | 100.0 | 100.0 |   N/A |   N/A | 100.0 | 428.4
       Dungeon |  91.8 |  91.8 |   N/A |   N/A |  93.0 | 455.4
       Ossuary |   8.2 |   8.2 |   N/A |   N/A |   7.0 | 239.0
               +-------+-------+-------+-------+-------+----------------------
